Cogmind - Beta 11.1 @@@ ROGUE MODE // 2022.05.12 @ 15:38:32 Player: kway_side Result: Destroyed by G-34 Mercenary with Small Laser Performance ------------- Evolutions (1) 500 Regions Visited (4) 800 Robots Destroyed (96) 480 Value Destroyed (2480) 2480 Prototype IDs (6) 120 Alien Tech Used (0) 0 Bonus (954) 954 TOTAL SCORE: 5334 Bonus ------- High Alert Combat Kills 770 Follower Combat Kills 301 Friendly Fire -117 Cogmind --------- Core Integrity 0/400 Matter 275/300 Energy 280/280 System Corruption 0% Temperature Warning (302) Movement Treading (320) Ox2 Location -9/Storage Parts ------- > --- POWER (1) -------- Heavy Ion Engine > --- PROPULSION (3) --- Light Treads > --- UTILITY (3) ------ Heat Sink High-capacity Storage Unit Improved Targeting Computer > --- WEAPON (2) ------- Beam Cannon Particle Cannon > --- INVENTORY (20) --- Light Nuclear Core Light Treads Light Treads Light Treads Light Treads Improved Flight Unit Experimental Sensor Array Signal Interpreter Terrain Scanner Hacking Suite Hacking Suite Authchip [R/NC] Authchip [Device] Authchip [Armor] Authchip [Weapon] Drone Bay (1/2) Beam Cannon Mining Laser Flail Peak State ------------ > --- POWER ------------ Heavy Ion Engine > --- PROPULSION ------- Light Treads Light Treads Light Treads > --- UTILITY ---------- High-capacity Storage Unit Experimental Sensor Array Drone Bay > --- WEAPON ----------- Beam Cannon Particle Cannon > --- INVENTORY -------- Light Nuclear Core Light Treads Light Treads Light Treads Improved Flight Unit Heat Sink Signal Interpreter Terrain Scanner Improved Targeting Computer Hacking Suite Hacking Suite Authchip [R/NC] Authchip [Device] Authchip [Armor] Authchip [Weapon] Beam Cannon Beam Cannon Particle Cannon Mining Laser Flail [Rating: 28] Favorites ----------- Power Ion Engine Engine Ion Engine Propulsion Light Treads Treads Light Treads Leg Aluminum Leg Wheel Wheel Flight Unit Improved Flight Unit Utility High-capacity Storage Unit Device Heat Sink Storage High-capacity Storage Unit Processor Improved Targeting Computer Protection Weapon Shielding Weapon Beam Cannon Energy Gun Improved EM Shotgun Energy Cannon Beam Cannon Ballistic Gun Assault Rifle Launcher Rocket Launcher Special Weapon Mining Laser Impact Weapon Flail Build | -11 -10 -10 -9 -9 ------- Run | Scr Mat Min Mat Sto Slots Evolved 2 | . . . 2 . Power . | . . . . . Propulsion 1 | . . . 1 . Utility 1 | . . . 1 . Weapon . | . . . . . Parts Attached 73 | . 9 4 46 14 Power 4 | . 1 . 2 1 Engine 4 | . 1 . 2 1 Core . | . . . . . Reactor . | . . . . . Propulsion 20 | . 2 1 12 5 Treads 18 | . 2 1 11 4 Leg . | . . . . . Wheel 1 | . . . 1 . Hover . | . . . . . Flight 1 | . . . . 1 Utility 19 | . 4 2 8 5 Device 14 | . 2 2 6 4 Storage 2 | . 2 . . . Processor 1 | . . . . 1 Hackware . | . . . . . Protection 2 | . . . 2 . Artifact . | . . . . . Weapon 30 | . 2 1 24 3 Energy Gun 2 | . . . 2 . Energy Cannon 16 | . 2 1 11 2 Ballistic Gun . | . . . . . Ballistic Cannon . | . . . . . Launcher 7 | . . . 7 . Special Weapon 4 | . . . 3 1 Impact Weapon 1 | . . . 1 . Slashing Weapon . | . . . . . Piercing Weapon . | . . . . . Special Melee Weapon . | . . . . . Unidentified Prototypes 4 | . . 1 2 1 Parts Lost 6 | . . . 3 3 Power 1 | . . . 1 . Propulsion 3 | . . . 1 2 Utility . | . . . . . Weapon 2 | . . . 1 1 Highest Loss Streak 3 | . . . 2 3 To Critical Strikes . | . . . . . Average Slot Usage (%) 99 | . 99 100 99 97 Engine 12 | . 14 14 11 11 Treads 29 | . 26 28 32 30 Device 17 | . 13 14 20 21 Storage 12 | . 14 14 11 11 Energy Cannon 23 | . 26 28 18 21 Naked Turns . | . . . . . Heaviest Build 67 | 14 52 53 58 67 Greatest Support 63 | 20 40 40 63 60 Greatest Overweight (x) 5 | . 1 1 5 1 Average Overweight (x) . | . . 1 . . Largest Inventory Capacity 20 | . 20 20 20 20 Average Capacity 19 | . 18 20 20 20 Most Carried 20 | . 20 20 20 20 Average Carried 17 | . 14 19 19 19 Final Capacity 20 | 8 20 20 20 20 Final Carried 20 | 6 20 20 20 19 Class Distribution -------------------- 80% | Mutant 11% | Scavenger-Mutant 7% | Commander-Mutant Dominant Class ---------------- Mutant | -10/Materials Mutant | -10/Mines Mutant | -9/Materials Commander-Mutant | -9/Storage Resources | -11 -10 -10 -9 -9 ----------- Run | Scr Mat Min Mat Sto Matter Collected 1110 | 167 130 35 650 128 Remotely . | . . . . . Salvage Created 3143 | . 516 155 1750 722 Parts 200 | . 27 8 117 48 Haulers Intercepted 10 | . 2 . 5 3 Recyclers Shooed 5 | . 3 . 1 1 Parts Field Recycled . | . . . . . Retrieved Matter . | . . . . . Parts Self-Destructed . | . . . . . Prevented . | . . . . . Kills | -11 -10 -10 -9 -9 ------- Run | Scr Mat Min Mat Sto Combat Hostiles Destroyed 72 | . 9 2 49 12 Guns 2 | . 2 . . . Cannons 47 | . 7 2 26 12 AOE 20 | . . . 20 . Classes Destroyed 13 | . 5 . 8 . Worker 3 | . . . 3 . Builder 2 | . . . 2 . Hauler 10 | . 2 . 5 3 Recycler 3 | . 1 1 1 . Mechanic 1 | . . . 1 . Operator 4 | . 1 . 2 1 Watcher 1 | . . . 1 . Swarmer 18 | . 3 . 13 2 Grunt 39 | . 6 2 25 6 Brawler 2 | . . . 1 1 Duelist 1 | . . . 1 . Protector 1 | . . . 1 . Sentry 12 | . . . 8 4 Best Kill Streak 11 | . 2 2 11 3 Combat Bots Only 9 | . 2 2 9 3 Max Kills in Single Turn 5 | . 1 2 5 2 Gunslinging . | . . . . . Exploded 4 | . . . 4 . Melee . | . . . . . Uniques/NPCs Destroyed . | . . . . . Combat | -11 -10 -10 -9 -9 -------- Run | Scr Mat Min Mat Sto Damage Taken 3234 | . 369 60 1894 911 Core 515 | . 93 14 306 102 Absorbed by Shields . | . . . . . Redirected to Shielding 41 | . . . 41 . Regen/Repaired (Parts) 94 | . . . 11 83 Core Remaining (%) 78 | 100 . 57 . . Volleys Fired 196 | . 39 5 105 47 Largest 2 | . 2 2 2 2 Hottest 136 | . 120 120 136 128 Shots Fired 358 | . 72 13 180 93 Gun 11 | . 10 . 1 . Cannon 313 | . 62 13 146 92 Launcher 21 | . . . 21 . Special 13 | . . . 12 1 Kinetic 4 | . 4 . . . Thermal 332 | . 68 13 158 93 Explosive 21 | . . . 21 . Electromagnetic 1 | . . . 1 . Robot Hit Streak 11 | . 10 2 10 11 Robot Miss Streak 4 | . 4 2 3 3 Penetration Max . | . . . . . Secondary Targets . | . . . . . Shots Hit Robots 194 | . 39 5 95 55 Core Hits 126 | . 16 5 81 24 Critical Kills 1 | . . . 1 . Critical Parts Destroyed . | . . . . . Critical Strikes 2 | . 1 . 1 . Burn 1 | . 1 . . . Meltdown 1 | . . . 1 . Melee Attacks 4 | . . . 4 . Impact 4 | . . . 4 . Slashing . | . . . . . Piercing . | . . . . . Sneak Attacks . | . . . . . Combat Hostiles . | . . . . . Follow-up Attacks . | . . . . . Damage Inflicted 6057 | . 658 106 4104 1189 Guns 107 | . 88 . 19 . Cannons 3641 | . 566 104 1789 1182 Explosions 2206 | . . . 2206 . Melee 81 | . . . 81 . Ramming 22 | . 4 2 9 7 Kinetic 25 | . 25 . . . Thermal 3704 | . 629 104 1789 1182 Explosive 2206 | . . . 2206 . Electromagnetic 19 | . . . 19 . Impact 81 | . . . 81 . Slashing . | . . . . . Piercing . | . . . . . Highest Corruption 1 | . 1 1 . . Average Corruption 1 | . 1 1 . . Corruption Purged . | . . . . . Corruption Blocked . | . . . . . Effects 15 | . 3 12 . . Message Errors 3 | . 1 2 . . Matter Fused 2 | . 1 1 . . Heat Flow Errors 1 | . . 1 . . Energy Discharges 2 | . . 2 . . Data Loss (minor) 2 | . . 2 . . Data Loss (major) 1 | . . 1 . . Misfires 3 | . . 3 . . Alerts 1 | . 1 . . . Overload Shots . | . . . . . Overflow Damage 94 | . . . 94 . Projectiles 7 | . . . 7 . Explosions 39 | . . . 39 . Melee 48 | . . . 48 . Knockbacks . | . . . . . Impact . | . . . . . Kinetic . | . . . . . Secondary . | . . . . . Self-Inflicted Damage 339 | . . . 339 . Shots 10 | . . . 10 . Rammed 6 | . 1 2 2 1 Targets Rammed 8 | . 2 2 3 1 Kicked 1 | . 1 . . . Crushed 1 | . . . 1 . Highest Temperature 403 | . 343 333 213 403 Average Temperature 81 | . 97 146 52 93 Received Heat Transfer 1170 | . 159 33 507 471 Effects 3 | . 2 . . 1 Shutdowns 2 | . 1 . . 1 Energy Bleed 1 | . 1 . . . Siege Activations . | . . . . . Robots Corrupted . | . . . . . Combat Hostiles . | . . . . . Parts Fried 1 | . . . 1 . Impact Corruptions 2 | . . . 2 . Robots Melted 1 | . . . 1 . Combat Hostiles 1 | . . . 1 . Parts Melted 11 | . 2 . 5 4 Heat Transferred 7218 | . 1443 222 3284 2269 Parts Sabotaged . | . . . . . Parts Stolen . | . . . . . Parts Stripped . | . . . . . Power Chain Reactions . | . . . . . Missiles Intercepted . | . . . . . Alert | -11 -10 -10 -9 -9 ------- Run | Scr Mat Min Mat Sto Peak Influence 1562 | . 104 50 1562 1123 Initial 659 | . . . 19 659 Average 330 | . 42 3 622 922 Maximum Alert Level 4 | . . . 4 4 Low Security (%) 58 | . 100 100 10 . Level 1 6 | . . . 20 . Level 2 14 | . . . 42 8 Level 3 14 | . . . 10 87 Level 4 5 | . . . 16 4 Level 5 . | . . . . . High Security . | . . . . . Max Security . | . . . . . Squads Dispatched 21 | . 1 . 11 9 Investigation 9 | . 1 . 5 3 Extermination . | . . . . . Reinforcement 4 | . . . 3 1 Assault 5 | . . . 3 2 Garrison 3 | . . . . 3 Intercept . | . . . . . Searches Triggered . | . . . . . Construction Impeded 1 | . . . 1 . Haulers Reinforced . | . . . . . Active Scanning Responses . | . . . . . Cargo Convoy Interrupts . | . . . . . Stealth | -11 -10 -10 -9 -9 --------- Run | Scr Mat Min Mat Sto Distress Signals 15 | . 2 . 11 2 Communications Jammed . | . . . . . Distress Signals . | . . . . . Times Spotted 134 | . 22 2 76 34 Peak Tracking Total 10 | . 4 2 10 9 Tactical Retreats 5 | . 1 . 4 . Traps | -11 -10 -10 -9 -9 ------- Run | Scr Mat Min Mat Sto Traps Triggered 3 | . 1 . 2 . Indirectly . | . . . . . Trap Hack Attempts . | . . . . . Triggered . | . . . . . Disarmed . | . . . . . Reprogrammed . | . . . . . Reused . | . . . . . Traps Extracted . | . . . . . Installed . | . . . . . Triggered 1 | . . 1 . . Machines | -11 -10 -10 -9 -9 ---------- Run | Scr Mat Min Mat Sto Machines Disabled 11 | . 1 . 6 4 Max in Single Turn 1 | . 1 . 1 1 Machines Sabotaged . | . . . . . Garrisons Compromised . | . . . . . Overloaded Fab Kills . | . . . . . Hacking | -11 -10 -10 -9 -9 --------- Run | Scr Mat Min Mat Sto Machines Accessed 26 | . 7 . 12 7 Terminals 18 | . 5 . 7 6 Fabricators . | . . . . . Repair Stations 2 | . . . 1 1 Recycling Units 4 | . 2 . 2 . Scanalyzers 2 | . . . 2 . Garrison Access . | . . . . . Total Hacks 62 | . 18 . 27 17 Successful 29 | . 8 . 12 9 Failed 32 | . 9 . 15 8 Catastrophic 7 | . . . 4 3 Database Lockouts 1 | . 1 . . . Manual 30 | . 12 . 12 6 Terminals 46 | . 16 . 16 14 Fabricators . | . . . . . Repair Stations 6 | . . . 3 3 Recycling Units 6 | . 2 . 4 . Scanalyzers 4 | . . . 4 . Garrison Access . | . . . . . Terminal Hacks 15 | . 5 . 3 7 Robot Analysis 3 | . 2 . . 1 Prototype ID Bank 1 | . . . . 1 Open Door 2 | . . . . 2 Branch Access Points 1 | . . . . 1 Scanalyzer Index 1 | . . . 1 . Alert Level 3 | . 1 . 1 1 Hauler Manifests 2 | . 2 . . . Registered Components 2 | . . . 1 1 Fabricator Hacks . | . . . . . Repair Station Hacks 4 | . . . 2 2 Scan Component 2 | . . . 1 1 Repair 2 | . . . 1 1 Recycling Unit Hacks 4 | . 2 . 2 . Report Inventory 4 | . 2 . 2 . Scanalyzer 2 | . . . 2 . Insert Component 1 | . . . 1 . Analyze 1 | . . . 1 . Garrison Access Hacks . | . . . . . Unauthorized Hacks 4 | . 1 . 3 . Terminals 3 | . 1 . 2 . Detonate 1 | . . . 1 . Operators 2 | . 1 . 1 . Fabricators . | . . . . . Repair Stations . | . . . . . Recycling Units . | . . . . . Scanalyzers 1 | . . . 1 . Extract 1 | . . . 1 . Garrison Access . | . . . . . Data Cores Recovered 1 | . 1 . . . Used . | . . . . . Hacking Detections 20 | . 5 . 10 5 Full Trace Events 5 | . 1 . 3 1 Feedback Events . | . . . . . Feedback Blocked . | . . . . . Robot Schematics Acquired . | . . . . . Robots Built . | . . . . . Authchips . | . . . . . Time . | . . . . . Total Robot Build Rating . | . . . . . Part Schematics Acquired 2 | . . . 2 . Parts Built . | . . . . . Authchips . | . . . . . Time . | . . . . . Total Part Build Rating . | . . . . . Parts Repaired 2 | . . . 1 1 Time 134 | . . . 108 26 Parts Recycled . | . . . . . Recycled Matter . | . . . . . Retrieved Matter . | . . . . . Retrieved Components . | . . . . . Parts Scanalyzed 1 | . . . 1 . Part Schematics Acquired 1 | . . . 1 . Parts Damaged . | . . . . . Bothacking | -11 -10 -10 -9 -9 ------------ Run | Scr Mat Min Mat Sto Used RIF Installer . | . . . . . Robots Hacked . | . . . . . Non-combat . | . . . . . Combat . | . . . . . Robot Hacks Applied . | . . . . . Relay Couplers Released . | . . . . . Fabnet Peak Effective % . | . . . . . Robots Rewired . | . . . . . Allies Hacked . | . . . . . Hacks Repelled . | . . . . . Allies | -11 -10 -10 -9 -9 -------- Run | Scr Mat Min Mat Sto Total Allies 11 | . . 1 . 10 Largest Group 10 | . . 1 . 10 Highest-Rated Group 88 | . . 31 . 88 Highest-Rated Ally 31 | . . 31 . 16 Total Orders 4 | . . . . 4 ROAM 2 | . . . . 2 EXPLORE 2 | . . . . 2 Ally Attacks 72 | . . . . 72 Total Damage 743 | . . . . 743 Kills 14 | . . . . 14 Allies Corrupted . | . . . . . Allies Melted . | . . . . . Intel | -11 -10 -10 -9 -9 ------- Run | Scr Mat Min Mat Sto Robot Analysis Total 3 | . 2 . . 1 Derelict Logs Recovered 3 | . . 3 . . Drone Launches 6 | . . . . 6 Drone Recoveries 4 | . . . . 4 Exploration | -11 -10 -10 -9 -9 ------------- Run | Scr Mat Min Mat Sto Turns Passed 7016 | . 2210 1660 2278 868 Spaces Moved 3015 | 1 930 675 1044 365 Core . | . . . . . Treads 2934 | . 878 675 1016 365 Legs 53 | 1 52 . . . Wheels 28 | . . . 28 . Hover . | . . . . . Flight . | . . . . . Fastest Speed 120 | 120 120 240 155 160 Average Speed 199 | 120 219 240 160 185 Slowest Speed 240 | 120 240 240 240 240 Overloaded Moves . | . . . . . Propulsion Burnouts . | . . . . . Robots Hopped . | . . . . . Cave-ins Triggered . | . . . . . Exploration Rate (%) 66 | 2 96 98 74 61 Regions Visited 4 Branch Regions 2 Pre-discovered Areas 3 | . . 3 . . Known Exits Taken . | . . . . . Unknown Exits Taken 4 | 1 1 1 1 . Scrap Searched 1 | . . 1 . . Spaces Dug 61 | . . . 60 1 Terrain Destroyed 189 | . . . 188 1 Melee . | . . . . . Projectile 13 | . . . 12 1 AOE 176 | . . . 176 . Terrain Rammed . | . . . . . Walls Destroyed . | . . . . . Machines Disabled . | . . . . . Actions | -11 -10 -10 -9 -9 --------- Run | Scr Mat Min Mat Sto Total 3624 | . 1026 705 1433 460 Wait 238 | . 17 11 194 16 Move 3011 | . 929 674 1043 365 Hop . | . . . . . Pick Up 45 | . 20 4 17 4 Fast Attach 17 | . 2 1 10 4 Attach 14 | . . 2 9 3 Detach 2 | . . . 1 1 Swap 42 | . 7 1 27 7 Drop 45 | . 10 5 20 10 Fire 196 | . 39 5 105 47 Melee 4 | . . . 4 . Ram . | . . . . . Kick 1 | . 1 . . . Crush 7 | . 1 2 3 1 Escape Stasis . | . . . . . Rewire 2 | . . . . 2 Trap . | . . . . . Miscellaneous . | . . . . . Route ------- -11/Scrapyard -10/Materials (discovered 5 exits: *Mat x3 / [*Min x2]) -10/Mines (discovered 2 exits: *Mat x2) -9/Materials -9/Storage (discovered 1 exit: Rec) History --------- Turn | Location | Event 1 | -11/Scrapyard | Discovered new exit (range 0) 1 | -11/Scrapyard | Entered Materials 308 | -10/Materials | Build established: Mutant 525 | -10/Materials | Discovered new exit (range 3) 1171 | -10/Materials | Discovered new exit (range 7) 1260 | -10/Materials | Discovered new exit (range 3) 1628 | -10/Materials | Discovered new exit (range 7) 1719 | -10/Materials | Central database locked down 1777 | -10/Materials | Discovered new exit (range 12) 2211 | -10/Materials | Entered Mines 2214 | -10/Mines | Received a Mining Laser from a helpful Derelict 2224 | -10/Mines | Met a Derelict bent on vengeance 2266 | -10/Mines | Found a damaged Exp. Sensor Array with a note attached 2271 | -10/Mines | Found Prototype Device 2271 | -10/Mines | Identified Exp. Sensor Array 2296 | -10/Mines | Learned location of Mines (-8) 3216 | -10/Mines | Learned location of Zion (-7) 3381 | -10/Mines | Discovered new exit (range 15) 3388 | -10/Mines | Received a Rocket Launcher from a helpful Derelict 3827 | -10/Mines | Discovered new exit (range 8) 3871 | -10/Mines | Entered Materials 3871 | -9/Materials | Evolved 2 slots: Propulsion x1, Utility x1 4514 | -9/Materials | Discovered new exit (range 15) 4958 | -9/Materials | Repaired Exp. Sensor Array 5328 | -9/Materials | Build established: Scavenger-Mutant 5471 | -9/Materials | First assault squad dispatched 5583 | -9/Materials | Destroyed 9 combat bots 5752 | -9/Materials | Core integrity fell below 50% 5779 | -9/Materials | Build established: Mutant 5973 | -9/Materials | Destroyed 8 combat bots 6149 | -9/Materials | Entered Storage 6159 | -9/Storage | Assisted by bots powering up and referring to "LRC-V3" 6183 | -9/Storage | Identified exit to Recycling 6449 | -9/Storage | Build established: Commander-Mutant 6495 | -9/Storage | Repaired Lgt. Treads 6667 | -9/Storage | Garrison activated, responded to threat 6949 | -9/Storage | First assault squad dispatched 6981 | -9/Storage | Core integrity fell below 20% 7017 | -9/Storage | Destroyed by G-34 Mercenary with Small Laser Last Messages --------------- 06974_ G-34 Mercenary unfolds itself. 06977_ G-34 Mercenary destroyed. 06978_ U-05 Engineer builds a Wall. 06982_ Particle Cannon destroyed. 06983_ K-01 Serf collects debris. 06990_ Imp. Heat Sink melted. 06990_ G-47 Trooper destroyed. 06990_ K-01 Serf collects debris. 06993_ G-34 Mercenary destroyed. 06995_ K-01 Serf collects debris. 06995_ Critical hit (Burn: +37). 06998_ K-01 Serf collects debris. 06999_ Power failure, Hvy. Ion Engine shutdown. 07001_ K-01 Serf collects debris. 07004_ Lgt. Treads destroyed. 07004_ Critical hit (Burn: +37). 07006_ K-01 Serf collects debris. 07014_ B-36 Bruiser destroyed. 07016_ K-01 Serf collects debris. 07017_ Lgt. Treads destroyed. Map ----- +----------------------------------------------------+ | ??????????????????????????????????????????? | | ####??????????????????????????????????????? | | ??????????????????????????????????????? | | ????????????????????????????????????????? | | ???????????????????????????????????????? | | ??????????????????????????????????????????? | | ??????????????????????????????????????????? | | ??????????????????????????????????????????? | | ??????????????????????????????????????????? | | #?????????????????????????????????????????? | | #?????????????????????????????????????????? | | ###### ????????????????????????????????? | | ! ???????????????????????????????? | | %* ???????????????????????????????? | | = ???????????????????????????????? | | #####?????????????????????????????????????? | | ??????????????????????????????????????????? | | ??????????????????????????????????????????? | | ??????????????????????????????????????????? | | ??????????????????????????????????????????? | | ??????????????????????????????????????????? | | ??????????????????????????????????????????? | | ??????????????????????????????????????????? | | ??????????????????????????????????????????? | | ????????????????????????#############?????? | | ????????????????????????#@= #?????? | | ??????????????###########b%gu #?????? | | ?????????????? # g #?????? | | ??????????????"" """ #ig k #?????? | | ???????????????" """ # #?????? | | ???????????# """ """ | # *=*= #?????? | | ???????????# # !%%%[ #?????? | | #####################+######+##m#####?????? | | % % ????? | | % % % ????? | | % % ????? | | ###### %###+#########+###############?????? | | #????# #? ??# #????????????????? | | #????# #? ! ??# #????????????????? | | ?????# # ?# #????????????????? | | ?????# # ?# #????????????????? | | ?????# %# """ ## #????????????????? | | ?????# # """ "# """ """ #????????????????? | | ?????# %# """ T# """ """ #????????????????? | | ?????#%%# "# """ """ #???????????????? | | ?????# # """ #############???????????????? | | ?????# %# ??? #???????????????????????????? | | ?????#% # ??? #???????????????????????????? | | ?##### %#?????????????????????????????????? | | ## #=!#?????????????????????????????????? | +----------------------------------------------------+ Best States ------------- Heat Dissipation 38 Energy Generation 14 Energy Capacity 280 Matter Stores 300 Matter Capacity 300 Sight Range 16 Robot Scan Range 20 Terrain Scan Range 14 Terrain Scan Density 10 Weapon Shielding 33 Evasion (%) 55 Targeting Accuracy 6 Recoil Reduction 3 Authchip Count 4 Item Schematics ----------------- Hacking Suite | -9/Materials | Scanalyzed Imp. Assault Rifle | -9/Materials | Extracted Robot Schematics ------------------ None Fabricated ------------ Nothing Alien Tech Used ----------------- None Achievements -------------- None Challenges ------------ None Game ------ Seed HeavyXenonChainsword Manual? 0 Play Time 01:07:42 Cumulative 97.6 hours Start 2022.05.12 @ 14:19:43 End 2022.05.12 @ 15:38:32 Sessions 1 Manual Loads 0 Difficulty Rogue Special Mode None Game No. 101 Rogue 101 Adventurer 0 Explorer 0 Win Type - Total 0 Types 0/0/0/0/0/0/0/0/0 Lore% 26 Gallery% 36 Achievement% 30 Wizard Run 0 Options --------- ASCII 0 Keyboard 0 Movement Numpad Keybinds 0 Fullscreen 2 Font 18/Smallcaps Map View 76x50 Tactical HUD 1 Map Filters NONE Filters NONE Steam 1 RUN: 9102443e-875e-41e3-8d6b-711dbb0ea851